 Dungeon Crawl Stone Soup version 0.31-a0-441-g867994ef1c (webtiles) character file.

Game seed: 7156870148239218788

1433 CraigForest the Skirmisher (level 9, -2/56 HPs)
             Began as a Formicid Hunter on Aug 3, 2023.
             Was a Follower of Hepliaklqana.
             Killed from afar by a white imp (5 damage)
             ... with a puff of frost
             ... on level 6 of the Dungeon.
             The game lasted 00:26:47 (5274 turns).

CraigForest the Skirmisher (Formicid Hunter)        Turns: 5274, Time: 00:26:47

Health: -2/56      AC:  9    Str: 11    XL:     9   Next: 3%
Magic:  11/11      EV: 13    Int: 17    God:    Hepliaklqana [*.....]
Gold:   360        SH:  0    Dex: 27    Spells: 4/11 levels left

rFire   . . .        F - +3 great sword
rCold   . . .        (no shield)
rNeg    + . .        s - +1 leather armour "Aluxoagg" {+Inv rN+ Str-4 Int+7}
rPois   .            (helmet unavailable)
rElec   .            f - +0 cloak
rCorr   .            E - +0 pair of gloves
SInv    +            m - +2 pair of boots
Will    +....        v - amulet of the acrobat
Stlth   +++          r - +6 ring of dexterity
HPRegen 0.29/turn    u - ring of willpower
MPRegen 0.12/turn

%: acrobat
@: no status effects
A: reduced essence, permanent stasis, dig shafts and tunnels, antennae 3, four
strong arms
a: Dig, Shaft Self, Renounce Religion, Evoke Invisibility, Recall Ancestor,
Ancestor Identity


You were on level 6 of the Dungeon.
You worshipped Hepliaklqana.
Hepliaklqana was aware of your devotion.
You visited 2 branches of the dungeon, and saw 7 of its levels.
You also visited: Sewer.

You collected 360 gold pieces.

Inventory:

Hand Weapons
 a - a +1 shortbow
 p - a +0 rapier
 A - a +0 halberd
 F - a +3 great sword (weapon)
Missiles
 h - 7 poisoned darts
Armour
 c - a +0 leather armour
 f - a +0 cloak (worn)
 m - a +2 pair of boots (worn)
 q - a +1 leather armour of poison resistance
 s - the +1 leather armour "Aluxoagg" (worn) {+Inv rN+ Str-4 Int+7}
   (You found it on level 3 of the Dungeon)

   Str:       It affects your strength (-4).
   Int:       It affects your intelligence (+7).
   rN:        It protects you from negative energy.
   +Inv:      It lets you turn invisible.
 B - a +0 chain mail
 E - a +0 pair of gloves (worn)
Magical Staves
 g - a staff of conjuration
Jewellery
 n - an amulet of magic regeneration
 r - a +6 ring of dexterity (left hand)
 u - a ring of willpower (right hand)
 v - an amulet of the acrobat (around neck)
 z - a ring of ice
Talismans
 e - a blade talisman
 G - a beast talisman
Wands
 l - a wand of light (25)
 y - a wand of iceblast (10) (quivered)
 H - a wand of paralysis (9)
Scrolls
 b - a scroll of butterflies
 t - a scroll of immolation {unknown}
 w - a scroll of enchant armour
 D - a scroll of vulnerability {unknown}
Potions
 d - a potion of attraction
 i - a potion of cancellation {unknown}
 j - a potion of degeneration {unknown}
 k - 4 potions of magic
 o - 2 potions of curing
 x - a potion of berserk rage {unknown}
 C - 2 potions of heal wounds {unknown}


   Skills:
 - Level 3.0 Fighting
 * Level 0.9 Long Blades
 - Level 9.3 Ranged Weapons
 + Level 3.6 Armour
 - Level 2.0 Dodging
 - Level 2.0 Stealth
 * Level 1.7 Spellcasting
 * Level 2.5 Poison Magic
 + Level 3.2 Evocations


You had 4 spell levels left.
You knew the following spells:

 Your Spells              Type           Power      Damage    Failure   Level
a - Vampiric Draining     Necr           1%         2d6       58%         3
b - Olgreb's Toxic Radia  Pois           10%        N/A       65%         4

Your spell library contained the following spells:

 Spells                   Type           Power      Damage    Failure   Level
 Sting                    Tmut/Pois      20%        1d4       16%         1
 Poisonous Vapours        Pois/Air       10%        N/A       22%         2
 Necrotise                Necr           4%         1d4       26%         1
 Agony                    Necr           1%         N/A       100%        5


Dungeon Overview and Level Annotations

Branches:
Dungeon (6/15)             Temple (1/1) D:5           Sewer (visited)

Altars:
Ashenzari
Dithmenos
Elyvilon
Hepliaklqana
Kikubaaqudgha
Makhleb
Okawaru
Sif Muna
Trog
Uskayaw
Vehumet
Wu Jian
Xom
Yredelemnul
Zin
The Shining One

Shops:
D:3 :   D:6 (


Innate Abilities, Weirdness & Mutations

Your life essence is reduced to manifest your ancestor. (-10% HP)
You cannot be hasted, slowed, berserked, paralysed or teleported.
You can dig through walls and to a lower floor.
You have a pair of large antennae on your head. (SInv)
Your four strong arms can wield two-handed weapons with a shield.


Message History

Nolwazi remembers more of their old skill.
You slice the orc!!
You kill the orc!
Nolwazi hits the orc!
The orc dies!
An iguana comes into view.
You see here a scorpion corpse.
A wyvern comes into view.
Aiming: Iceblast
Press: ? - help, Q - select action, (/) - cycle Shift-Dir - straight line The mass of ice explodes!
The iceblast engulfs the iguana!!
You kill the iguana!
The wyvern hisses angrily.
Something shouts, "Scamper home, thou clouted clapper-clawed socdollager!"
A white imp comes into view.
You barely miss the wyvern. The wyvern bites you! x2
Nolwazi closely misses the wyvern.
The wyvern bites you!
* * * LOW HITPOINT WARNING * * *
You hit the wyvern.
The wyvern is moderately wounded.
The white imp hits you.
* * * LOW HITPOINT WARNING * * *
The white imp freezes you.
* * * LOW HITPOINT WARNING * * *
Nolwazi barely misses the wyvern.
The wyvern barely misses you.
Nolwazi closely misses the wyvern.
The wyvern bites you.
* * * LOW HITPOINT WARNING * * *
The white imp hits you but does no damage.
The white imp attacks as you move away!
The white imp hits you but does no damage.
The wyvern misses Nolwazi.
Nolwazi hits the wyvern but does no damage.
The wyvern bites Nolwazi!
The white imp attacks as you move away! The white imp misses you.
Nolwazi completely misses the wyvern.
The wyvern closely misses Nolwazi.
You closely miss the white imp.
The wyvern bites Nolwazi!
Nolwazi is destroyed!
The white imp gestures at you. The puff of frost hits you.
You die...

'#### #####....# ##....
........# .....##
#.......#
#.)).###..<....
#.#.#.....# #).......#
#.#))....# #.#......##
##@†.).....#
..##.##.5#....†#.#
......l..........#
.....)..##.....###
........##.....#
....†...######.#########
.........#####.........#
..#...##.....<.........#
# #### #######.........#


You could see a wyvern and a white imp.

Vanquished Creatures
  Eustachio (D:4)
  Menkaure (D:4)
  A water moccasin (Sewer)
  2 ogres (D:5)
  A phantom (D:4)
  Blork the orc (D:4)
  A scorpion (D:6)
  4 wights (D:5)
  A vampire bat (D:3)
  3 hounds
  A jelly (D:5)
  An orc priest (D:5)
  3 iguanas
  Robin (D:4)
  4 gnolls (D:5)
  4 adders
  A white imp (D:6)
  An ufetubus (D:5)
  4 dart slugs
  9 orcs
  5 endoplasms
  7 giant cockroaches
  6 hobgoblins
  2 jackals (Sewer)
  6 kobolds
  2 quokkas
  6 ball pythons
  12 bats
  5 frilled lizards
  10 goblins
  4 rats
110 creatures vanquished.

Vanquished Creatures (collateral kills)
  A hound (D:6)
  2 orcs (D:6)
3 creatures vanquished.

Vanquished Creatures (others)
  An ancestor (D:6)
1 creature vanquished.

Grand Total: 114 creatures vanquished

Notes
Turn   | Place    | Note
-------+----------+-------------------------------------------
     0 | D:1      | CraigForest the Formicid Hunter began the quest for the
                  | Orb.
     0 | D:1      | Reached XP level 1. HP: 16/16 MP: 1/1
   220 | D:1      | Reached XP level 2. HP: 22/22 MP: 2/2
   919 | D:2      | Reached XP level 3. HP: 26/28 MP: 3/3
  1633 | D:2      | Found a burning altar of Makhleb.
  1827 | D:3      | Reached skill level 5 in Ranged Weapons
  1861 | D:3      | Noticed a +0 short sword
  1861 | D:3      | Noticed a +0 dagger
  1863 | D:3      | Noticed a +0 spear
  1863 | D:3      | Noticed a +0 falchion
  1863 | D:3      | Noticed a +0 dagger
  1864 | D:3      | Noticed a +0 falchion
  1864 | D:3      | Noticed a +0 spear
  1864 | D:3      | Noticed a +0 short sword
  1866 | D:3      | Found a hide-covered altar of Uskayaw.
  2035 | D:3      | Found Nazoefa's Vocational Training.
  2217 | D:3      | Reached XP level 4. HP: 34/34 MP: 4/4
  2227 | D:3      | Identified the +1 leather armour "Aluxoagg" {+Inv rN+ Str-4
                  | Int+7}
  2316 | D:3      | Reached skill level 1 in Armour
  2316 | D:3      | Reached XP level 5. HP: 39/40 MP: 5/5
  2638 | D:4      | Noticed Robin
  2651 | D:4      | Killed Robin
  2672 | D:4      | Noticed Eustachio
  2695 | D:4      | Killed Eustachio
  2696 | D:4      | Reached skill level 6 in Ranged Weapons
  2696 | D:4      | Reached XP level 6. HP: 36/47 MP: 6/6
  3136 | D:4      | Learned a level 3 spell: Vampiric Draining
  3189 | D:4      | Noticed Blork the orc
  3202 | D:4      | Killed Blork the orc
  3203 | D:4      | Reached skill level 7 in Ranged Weapons
  3203 | D:4      | Reached XP level 7. HP: 26/52 MP: 7/7
  3315 | D:4      | Reached skill level 1 in Evocations
  3467 | D:4      | Noticed Menkaure
  3472 | D:4      | Killed Menkaure
  3599 | D:5      | Entered Level 5 of the Dungeon
  3721 | D:5      | Found a staircase to the Ecumenical Temple.
  3734 | Temple   | Entered the Ecumenical Temple
  3739 | Temple   | Became a worshipper of Hepliaklqana the Forgotten
  3821 | D:5      | Found a glowing drain.
  3850 | Sewer    | Entered a sewer
  3891 | Sewer    | Noticed a water moccasin
  3905 | Sewer    | Killed a water moccasin
  3906 | Sewer    | Reached skill level 8 in Ranged Weapons
  3906 | Sewer    | Reached XP level 8. HP: 29/58 MP: 8/8
  4667 | D:5      | Learned a level 4 spell: Olgreb's Toxic Radiance
  4812 | D:5      | Reached skill level 9 in Ranged Weapons
  4820 | D:5      | Reached skill level 1 in Poison Magic
  4827 | D:5      | Reached skill level 1 in Spellcasting
  5023 | D:6      | Reached * piety under Hepliaklqana
  5023 | D:6      | Found Faceom's Weapon Shoppe.
  5265 | D:6      | Reached XP level 9. HP: 39/56 MP: 11/11
  5271 | D:6      | HP: 2/56 [wyvern (1)]
  5274 | D:6      | Killed from afar by a white imp

Illustrated notes

Levels and vault maps discovered:
D:1:      dpeg_arrival_rhombus, layout_basic, minmay_misc_feat_iff
D:2:      layout_loops_corners, basic_altar, kennysheep_nondescript,
          minmay_misc_feat_x
D:3:      layout_loops_ring, nicolae_uskayaw_en_pointe, roderic_batcave,
          minmay_misc_feat_plants, minmay_gold_behind_fungi,
          grunt_ministairs_14, nicolae_shop_vocational
D:4:      layout_basic, uniq_robin, uniq_menkaure, uniq_blork_the_orc,
          uniq_eustachio
D:5:      layout_basic, minmay_temple_entry_gardened_gates,
          gup_sewer_entry_glass, feat_on_display
D:6:      layout_rooms, lemuel_crystal_altar, serial_shops, shop, shop,
          shop_statue, shop, kennysheep_pointless_box, minmay_checkerbox
Temple:   minmay_freezing_vapour_temple

Skill      XL: |  1  2  3  4  5  6  7  8 |
---------------+-------------------------+-----
Ranged Weapons | 5 6 7 8 9 |  9.3
Armour         | 1 2 3 |  3.6
Dodging        | 2 |  2.0
Fighting       | 3 |  3.0
Evocations     | 2 3 |  3.2
Stealth        | 2 |  2.0
Poison Magic   | 2 |  2.5
Spellcasting   | 1 |  1.7
Long Blades    | |  0.9

Action                     |  1- 3 |  4- 6 |  7- 9 || total
---------------------------+-------+-------+-------++-------
  Melee: Great sword       |       |       |    15 ||    15
   Fire: Shortbow          |   121 |    94 |   147 ||   362
Ability: Dig               |     1 |     8 |       ||     9
  Evoke: Wand              |       |       |     2 ||     2
    Use: Scroll            |     1 |     5 |     6 ||    12
 Armour: Leather armour    |    11 |    26 |    26 ||    63
  Dodge: Dodged            |    24 |    47 |    48 ||   119

Table legend: (Time is in decaauts)
 A = Elapsed time spent in this place.
 B = Non-inter-level travel time spent in this place.
 C = Inter-level travel time spent in this place.
 D = Time resting spent in this place.
 E = Time spent auto-exploring this place.
 F = Levels seen in this place.
 G = Mean time per level.
                   A        B        C        D        E       F      G
               +--------+--------+--------+--------+--------+-----+--------+
         Total |   5340 |   5182 |    158 |    389 |   3465 |   8 |  667.5 |
       Dungeon |   5028 |   4870 |    158 |    389 |   3275 |   6 |  838.0 |
        Temple |     10 |     10 |      0 |      0 |      0 |   1 |   10.0 |
         Sewer |    301 |    301 |      0 |      0 |    190 |   1 |  301.0 |
               +--------+--------+--------+--------+--------+-----+--------+

Top non-repeatable levels by time:
     D:5: 1129 daAuts
     D:4: 1012 daAuts
     D:1: 887 daAuts
     D:3: 882 daAuts
     D:2: 856 daAuts
   Sewer: 301 daAuts
     D:6: 260 daAuts
  Temple: 10 daAuts
